 Dungeon Crawl Stone Soup version 0.24-a0-459-g225fefd530 (webtiles) character file.

Game seed: 13437682183528725230

763 nono the Skirmisher (level 7, 0/58 HPs)
             Began as a Barachi Fighter on June 30, 2019.
             Was a Plaything of Xom.
             Slain by vurker's ghost (3 damage)
             ... on level 4 of the Dungeon.
             The game lasted 00:14:53 (3143 turns).

nono the Skirmisher (Barachi Fighter)               Turns: 3143, Time: 00:14:54

Health: 0/58       AC: 11    Str: 19    XL:     7   Next: 81%
Magic:  7/7        EV:  5    Int:  8    God:    Xom [....*.]
Gold:   144        SH: 12    Dex: 12    Spells: 6/6 levels left

rFire    . . .     SeeInvis .   a - +1 long sword
rCold    . . .     Gourm    .   o - +2 shield
rNeg     . . .     Faith    .   v - +0 chain mail
rPois    .         Spirit   .   (no helmet)
rElec    .         Reflect  .   m - +0 cloak
rCorr    .         Harm     .   (no gloves)
MR       +....                  (no boots)
Stlth    ..........             (no amulet)
HPRegen  0.19/turn              h - ring of protection from magic
MPRegen  0.10/turn              (no ring)

@: slow
A: +LOS, swims, slowness 1, strong legs 1
a: Hop, Renounce Religion


You were on level 4 of the Dungeon.
You worshipped Xom.
You were a beloved toy of Xom.
You were not hungry.

You visited 1 branch of the dungeon, and saw 4 of its levels.

You collected 144 gold pieces.

Inventory:

Hand Weapons
 a - a +1 long sword (weapon)
Armour
 b - a +0 scale mail
 c - a +0 shield
 m - a +0 cloak (worn)
 o - a +2 shield (worn)
 v - a +0 chain mail (worn)
Jewellery
 h - a ring of protection from magic (left hand)
Scrolls
 j - a scroll of enchant armour {unknown}
 l - 4 scrolls of identify {unknown}
 q - a scroll of enchant weapon
 r - a scroll of noise {unknown}
 t - a scroll of fog {unknown}
Potions
 d - 2 potions of ambrosia {unknown}
 e - a potion of brilliance
 g - a potion of lignification {unknown}
 i - a potion of heal wounds {unknown}
 k - 3 potions of curing
 n - a potion of berserk rage {unknown}
 p - a potion of flight {unknown}
 s - 2 potions of degeneration {unknown}
Comestibles
 f - 9 rations
 u - 5 chunks of flesh


   Skills:
 + Level 6.2 Fighting
 + Level 5.5 Long Blades
 + Level 6.2 Armour
 + Level 5.6 Shields


You had 6 spell levels left.
You didn't know any spells.
Your spell library was empty.

Dungeon Overview and Level Annotations

Branches:
Dungeon (4/15)
 Temple: D:4-7

Altars:
Kikubaaqudgha
Makhleb
Nemelex Xobeh
Okawaru
Sif Muna
Trog
Vehumet
Xom

Annotations:
D:3 1 runed translucent door
D:4 vurker's ghost, novice GnSk


Innate Abilities, Weirdness & Mutations

Shadows flee at your approach. (+LOS)
You can swim through water.
You cover ground slowly.
You can hop short distances.


Message History

Vurker's ghost's wounds begin to heal before your eyes!
You hit vurker's ghost but do no damage.
Vurker's ghost is severely damaged.
You block vurker's ghost's attack.
Vurker's ghost says, "If you think I look tough now, just wait!"
You block vurker's ghost's attack.
You miss vurker's ghost.
Vurker's ghost is severely damaged.
Vurker's ghost hits you but does no damage.
You hit vurker's ghost.
Vurker's ghost is severely damaged.
Your crimson imp blinks!
Vurker's ghost hits you but does no damage.
You are electrocuted!
* * * LOW HITPOINT WARNING * * *
Vurker's ghost hits you.
* * * LOW HITPOINT WARNING * * *
Vurker's ghost hits you.
You die...
Xom thinks this is hilarious!

...###........# ..# #.#....#
#..##.........# #.# #.####.#
#.............#.##.###.####.#
#.##.......5..#.............#
.......#####..####.###.######
##.....#####.......# #.#
.#.....##.........## #.#
##.....##......W..# #.#
##.....##.......@.####.#
##.ยง...##).............#
.....####.........######
###### #....)....#
#.........# #.........#
#.........# ###########


You could see vurker's ghost and a friendly crimson imp.

Vanquished Creatures
  The ghost of Ijustatesigmund the Skirmisher, an amateur OgHu (D:3)
  2 hounds (D:4)
  A bullfrog skeleton (D:4)
  A centaur skeleton (D:4)
  2 orc wizards (D:4)
  An iguana (D:4)
  3 worker ants (D:4)
  12 adders
  A river rat (D:3)
  A shadow imp (D:2)
  An adder skeleton (D:4)
  6 worms
  3 dart slugs (D:1)
  4 leopard geckos
  2 orcs (D:4)
  A ball python (D:3)
  4 bats
  A giant cockroach (D:1)
  9 goblins
  8 hobgoblins
  5 jackals (D:3)
  7 kobolds
  2 quokkas (D:4)
  5 frilled lizards
  8 rats
91 creatures vanquished.

Vanquished Creatures (others)
  An orc (D:4)
1 creature vanquished.

Grand Total: 92 creatures vanquished

Notes
Turn   | Place    | Note
-------+----------+-------------------------------------------
     0 | D:1      | nono the Barachi Fighter began the quest for the Orb.
     0 | D:1      | Reached XP level 1. HP: 18/18 MP: 1/1
   100 | D:1      | Reached XP level 2. HP: 12/25 MP: 2/2
   618 | D:1      | Reached XP level 3. HP: 23/30 MP: 3/3
   893 | D:2      | Found an ancient bone altar of Kikubaaqudgha.
  1186 | D:2      | Found a deep blue altar of Sif Muna.
  1193 | D:2      | Found a shimmering altar of Xom.
  1233 | D:2      | Reached XP level 4. HP: 23/37 MP: 4/4
  1321 | D:2      | Found a burning altar of Makhleb.
  1402 | D:2      | Found a sparkling altar of Nemelex Xobeh.
  1967 | D:3      | Reached XP level 5. HP: 43/43 MP: 5/5
  2167 | D:3      | Found an iron altar of Okawaru.
  2265 | D:3      | Found a runed translucent door.
  2265 | D:3      | Noticed Ijustatesigmund's ghost (amateur OgHu)
  2284 | D:3      | Killed Ijustatesigmund's ghost
  2284 | D:3      | Reached skill level 5 in Fighting
  2284 | D:3      | Reached skill level 5 in Armour
  2284 | D:3      | Reached XP level 6. HP: 17/51 MP: 6/6
  2294 | D:3      | Found a runed translucent door.
  2334 | D:3      | Reached skill level 5 in Shields
  2350 | D:3      | Reached XP level 7. HP: 29/56 MP: 7/7
  2543 | D:4      | Found a large runed translucent door.
  2558 | D:2      | Found a radiant altar of Vehumet.
  2558 | D:2      | Found a bloodstained altar of Trog.
  2569 | D:2      | Became a worshipper of Xom of Chaos
  2594 | D:4      | Found a large runed translucent door.
  2600 | D:4      | Noticed vurker's ghost (novice GnSk)
  2620 | D:4      | XOM: potion effect (curing)
  2630 | D:4      | XOM: cast spell 'Summon Butterflies'
  2681 | D:4      | Reached skill level 5 in Long Blades
  2700 | D:4      | XOM: confuse monster(s)
  2742 | D:4      | XOM: cloud trail
  3009 | D:4      | XOM: summons friendly crimson imp
  3114 | D:4      | XOM: confuse monster(s)
  3143 | D:4      | Slain by vurker's ghost

Levels and vault maps discovered:
D:1:      onia_arrival_mini_maze_b, layout_loops_cross
D:2:      layout_basic, makhleb_grotto_becter, nicolae_overflow_hidden_temple,
          overflow_temple_1_default, nemelex_xobeh_ov_fountains_minmay
D:3:      wad_pebble_path, layout_loops_ring, lemuel_doored_altar,
          ebering_ghost_sewer_f
D:4:      layout_basic, first_ration, ebering_ghost_disaster_area, uniq_natasha

Skill      XL: |  1  2  3  4  5  6  7 |
---------------+----------------------+-----
Armour         | 4 5 6 |  6.2
Fighting       | 4 5 6 |  6.2
Long Blades    | 3 4 5 |  5.5
Shields        | 4 5 |  5.6

Action                   |  1- 3 |  4- 6 |  7- 9 || total
-------------------------+-------+-------+-------++-------
Melee: Long sword        |   110 |   119 |   158 ||   387
  Use: Scroll            |       |     3 |       ||     3
       Potion            |       |     3 |     1 ||     4
 Stab: Confused          |       |       |     2 ||     2
       Paralysed         |       |       |     2 ||     2
       Petrifying        |       |       |     1 ||     1
  Eat: Chunk             |     1 |     5 |     3 ||     9
Armor: Scale mail        |    49 |    42 |    41 ||   132
       Chain mail        |       |       |     7 ||     7
Dodge: Dodged            |    35 |    32 |    33 ||   100
Block: Shield            |    51 |    64 |    94 ||   209
       Rpst.: Long sword |    11 |    15 |    14 ||    40

Table legend:
 A = Non-vault XP
 B = Vault XP
 C = Vault XP percentage of total XP
 D = Non-vault monster count
 E = Vault monster count
 F = Vault count percentage of total count
                 A         B        C        D         E       F
            +---------+---------+-------+---------+---------+-------
      Total |     685 |     406 |  37.2 |      87 |       5 |   5.4
            +---------+---------+-------+---------+---------+-------
        D:1 |      44 |       0 |   0.0 |      23 |       0 |   0.0
        D:2 |      83 |      11 |  11.7 |      16 |       1 |   5.9
        D:3 |     113 |     395 |  77.8 |      26 |       4 |  13.3
        D:4 |     445 |       0 |   0.0 |      22 |       0 |   0.0
            +---------+---------+-------+---------+---------+-------
